cohdb
Replays
Latest Replays
All Replays
Popular Replays
Top Player Replays
Match Explorer
How It Works
Community
CoH3 Stats
Reddit
Sign in to upload your games and track your stats! →
Sign in with Steam
Match 46843764
Unlisted
Match 46843764
Overview
Messages
Build Orders
End
Construct Barracks
Engineer Squad
Selects Armored Battlegroup
Selects Veteran Crews
1⁄4-ton 4x4 Truck
Riflemen Squad
1⁄4-ton 4x4 Truck
Air Support Center
Construct Weapon Support Center
M1 Mortar Team
Grasshopper Recon Run
Grenade Package
M3 Armored Personnel Carrier
Selects Strength in Steel
P-47 Strafing Run
Bazooka Squad
Grasshopper Recon Run
Bazooka Squad
P-47 Strafing Run
Construct Tank Depot
P-47 Dive Bomb
Grasshopper Recon Run
Bazooka Squad
M1919 Machine Gun Team
P-47 Strafing Run
P-47 Dive Bomb
Selects Seek and Destroy
Grasshopper Recon Run
P-47 Strafing Run
Selects UNKNOWN (2160077)
M4A3E8 Sherman Easy Eight
M4A3E8 Sherman Easy Eight
Henk
water
Szym00
Hirys it's Irys
chobandi
Aguso
Sturmi
Lord Hater
0
0
Comments
sign in to comment!
No comments posted yet!